 Dungeon Crawl Stone Soup version 0.22.0-75-g3901e7991e (webtiles) character file.

29731 Peloso the Carver (level 13, -8/116 HPs)
             Began as a Minotaur Fighter on Sept 13, 2018.
             Was the Champion of Okawaru.
             Mangled by Snorg (23 damage)
             ... on level 3 of the Lair of Beasts.
             The game lasted 00:38:54 (15678 turns).

Peloso the Carver (Minotaur Fighter)               Turns: 15678, Time: 00:38:55

Health: -8/116     AC: 34    Str: 24    XL:     13   Next: 16%
Magic:  19/21      EV: 12    Int:  5    God:    Okawaru [******]
Gold:   936        SH: 17    Dex: 12    Spells: 12/12 levels left

rFire    + + +     SeeInvis +   a - +1 long sword
rCold    . . .     Gourm    .   c - +1 shield
rNeg     . . .     Faith    .   I - +15 Maxwell's patent armour {-Cast -Tele rElec MR+ rCorr}
rPois    .         Spirit   .   (helmet restricted)
rElec    +         Reflect  .   G - +0 cloak
rCorr    +         Harm     .   O - +0 pair of gloves "Inwekoir" {rF+ Stlth+}
MR       +....     NoTele   +   r - +0 pair of boots Stlth +.........NoCast +
                                W - amulet of the acrobat
HPRegen  0.29/turn              Q - ring of Ammon {rElec rF+ MP+9 AC-3 SInv Stlth+} (curse)
MPRegen  0.17/turn              U - ring "Etidoky" {rCorr rElec rF+}

@: heroism
A: retaliatory headbutt, horns 2
a: Heroism, Finesse, Renounce Religion


You were on level 3 of the Lair of Beasts.
You worshipped Okawaru.
Okawaru was exalted by your worship.
You were not hungry.

You visited 2 branches of the dungeon, and saw 14 of its levels.

You collected 936 gold pieces.

Inventory:

Hand Weapons
 a - a +1 long sword (weapon)
Armour
 b - a +0 chain mail
 c - a +1 shield (worn)
 r - a +0 pair of boots (worn)
 t - a +0 plate armour
 G - a +0 cloak (worn)
 I - the +15 Maxwell's patent armour (worn) {-Cast -Tele rElec MR+ rCorr}
   (Okawaru gifted it to you on level 8 of the Dungeon)

   It insulates you from electricity.
   It affects your resistance to hostile enchantments.
   It prevents spellcasting.
   It prevents most forms of teleportation.
   It provides partial protection from all sources of acid and corrosion.
 O - the +0 pair of gloves "Inwekoir" (worn) {rF+ Stlth+}
   (Okawaru gifted it to you on level 11 of the Dungeon)

   It protects you from fire.
   It makes you more stealthy.
Jewellery
 d - an uncursed ring of positive energy
 j - an uncursed ring of see invisible
 F - an uncursed ring of wizardry
 J - an uncursed ring of ice
 L - an uncursed ring of magical power
 M - an uncursed amulet of magic regeneration
 Q - the cursed ring of Ammon (left hand) {rElec rF+ MP+9 AC-3 SInv Stlth+}
   (You found it on level 11 of the Dungeon)

   [ring of protection]

   It affects your AC (-3).
   It protects you from fire.
   It insulates you from electricity.
   It affects your magic capacity (+9).
   It lets you see invisible.
   It makes you more stealthy.
   It has a curse placed upon it.
 S - the ring of Resiasmyna {+Fly Int+4}
   (You found it on level 11 of the Dungeon)

   [ring of flight]

   It affects your intelligence (+4).
   It lets you fly.
 U - the ring "Etidoky" (right hand) {rCorr rElec rF+}
   (You found it on level 1 of the Lair of Beasts)

   [ring of resist corrosion]

   It protects you from fire.
   It insulates you from electricity.
 W - an amulet of the acrobat (around neck)
Wands
 g - a wand of acid (6)
 m - a wand of digging (5)
 s - a wand of iceblast (23)
 u - a wand of paralysis (8)
 y - a wand of random effects (22)
 K - a wand of flame (53)
 T - a wand of enslavement (19)
Scrolls
 e - 6 scrolls of teleportation
 h - 7 scrolls of identify
 i - 9 scrolls of remove curse
 k - 2 scrolls of enchant armour
 l - a scroll of enchant weapon
 w - 2 scrolls of blinking
 x - 4 scrolls of fear
 E - 2 scrolls of fog
 N - a scroll of brand weapon
 P - a scroll of summoning
 R - a scroll of amnesia
Potions
 n - a potion of invisibility
 o - a potion of flight
 p - a potion of curing
 q - a potion of might
 v - 2 potions of cancellation
 z - 2 potions of agility
 A - 3 potions of brilliance
 C - a potion of mutation
 D - a potion of ambrosia
 V - a potion of resistance
Miscellaneous
 B - a phial of floods
 H - a phial of floods
Comestibles
 f - 33 rations


   Skills:
 + Level 11.6(16.6) Fighting
 + Level 14.7(19.7) Long Blades
 + Level 11.7(16.7) Armour
 + Level 4.0(9.0) Dodging
 + Level 1.1(6.1) Stealth
 + Level 14.6(19.6) Shields
 + Level 0.8 Invocations


You had 12 spell levels left.
You didn't know any spells.
Your spell library contained the following spells:

 Spells                   Type           Power        Failure   Level  Hunger
 Animate Skeleton         Necr           N/A          98%         1    ##.....
 Apportation              Tloc           #.....       98%         1    ##.....
 Confusing Touch          Hex            #.....       98%         1    ##.....
 Freeze                   Ice            #...         98%         1    ##.....
 Magic Dart               Conj           #...         98%         1    ##.....
 Summon Small Mammal      Summ           #...         98%         1    ##.....
 Blink                    Tloc           N/A          99%         2    ###....
 Call Imp                 Summ           #.......     99%         2    ###....
 Searing Ray              Conj           #.....       99%         2    ###....
 Slow                     Hex            #.......     99%         2    ###....
 Throw Frost              Conj/Ice       #.....       99%         2    ###....
 Conjure Flame            Conj/Fire      #.......     100%        3    ####...
 Dazzling Spray           Conj/Hex       #.....       100%        3    ####...
 Mephitic Cloud           Conj/Pois/Air  #.......     100%        3    ####...
 Ozocubu's Armour         Chrm/Ice       #.......     100%        3    ####...
 Force Lance              Conj/Tloc      #.......     100%        4    #####..
 Fulminant Prism          Conj/Hex       #.........   100%        4    #####..
 Iskenderun's Mystic Bla  Conj           #.......     100%        4    #####..
 Summon Ice Beast         Ice/Summ       #.......     100%        4    #####..
 Throw Icicle             Conj/Ice       #.......     100%        4    #####..


Dungeon Overview and Level Annotations

Branches:
Dungeon (11/15)            Temple (0/1) D:4            Lair (3/6) D:9
    Orc (0/2) D:10
  Swamp: Lair:2-4    Shoals: Lair:2-4     Snake: Lair:2-4    Spider: Lair:2-4

Altars:
Ashenzari
Cheibriados
Dithmenos
Gozag
Kikubaaqudgha
Nemelex Xobeh
Okawaru

Shops:
D:8 [   D:9 *%   D:10 [   D:11 [

Annotations:
D:3 1 runed door
D:11 3 runed doors
Lair:3 Snorg


Innate Abilities, Weirdness & Mutations

You reflexively headbutt those who attack you in melee.
You have a pair of horns on your head.


Message History

Snorg is heavily wounded.
Snorg closely misses you. You block Snorg's attack. Snorg claws you.
You gain the combat prowess of a mighty hero.
Snorg bites you! Snorg claws you. You block Snorg's attack.
You barely miss Snorg. Your headbutt misses Snorg.
Snorg is heavily wounded.
You block Snorg's attack. Snorg claws you but does no damage.
Snorg closely misses you.
You slash Snorg!
Snorg is heavily wounded.
You block Snorg's attack. Snorg barely misses you. You block Snorg's attack.
You slash Snorg!
Snorg is severely wounded.
Snorg bites you!!
* * * LOW HITPOINT WARNING * * *
Snorg claws you!
* * * LOW HITPOINT WARNING * * *
You block Snorg's attack.
You feel better.
You block Snorg's attack. x3; Snorg bites you!!
You die...

.......
....... ###
....... ##.#
.......
#..##P......
#...........
#...........
#<..@T....#
#........##
#.......##
#P........#
#..........#
#.......[...#
##..........#
#...........


You could see Snorg (berserk).

Vanquished Creatures
  Fannar (D:10)
  The ghost of BushDid911 the Ducker, a novice TrFi of Dithmenos (Lair:1)
  2 two-headed ogres
  2 centaur warriors (D:11)
  An ogre mage (D:11)
  A death yak (D:8)
  2 unseen horrors
  The ghost of burekbajo the Shield-Bearer, a novice GrFi of Okawaru (D:7)
  An orc knight (D:11)
  2 cyclopes (D:11)
  An ugly thing (D:11)
  4 elephants
  A black mamba (Lair:2)
  5 spiny frogs
  A centaur skeleton (D:10)
  7 komodo dragons (Lair:2)
  A kobold demonologist (D:10)
  A polar bear (Lair:2)
  A troll (D:10)
  3 blink frogs (Lair:2)
  A slime creature (D:11)
  2 hippogriffs (D:10)
  2 hornets (D:11)
  2 wyverns
  The ghost of RealIsaac the Chopper, an amateur DrBe of Trog (D:3)
  A wraith (D:10)
  25 yaks
  2 hungry ghosts
  A vampire mosquito (D:11)
  4 basilisks
  Menkaure (D:7)
  9 water moccasins
  A swamp drake (D:10)
  6 porcupines
  3 orc warriors
  2 sky beasts
  2 ice beasts
  A necrophage (D:9)
  5 centaurs
  4 ogres
  5 phantoms
  6 crocodiles
  19 big kobolds
  8 bullfrogs
  2 gnoll sergeants
  A scorpion (D:5)
  A wyvern skeleton (D:11)
  A water moccasin skeleton (D:10)
  10 killer bees
  8 wights (D:10)
  2 quasits
  2 centaur zombies
  6 crimson imps
  7 hounds
  3 bullfrog zombies
  4 orc priests
  2 bullfrog skeletons
  A jelly (D:8)
  Crazy Yiuf (D:7)
  A gnoll shaman (D:7)
  Natasha (thrice) (D:3)
  2 iguanas
  Ijyb (D:3)
  11 orc wizards
  11 worker ants
  A mummy (D:6)
  Robin (D:4)
  14 adders
  20 gnolls
  A river rat (D:3)
  2 shadow imps
  2 oozes (D:1)
  An adder skeleton (D:5)
  An adder zombie (D:7)
  2 worms
  2 dart slugs
  10 leopard geckos
  36 orcs
  3 ball pythons
  6 giant cockroaches
  14 goblins
  12 hobgoblins
  6 jackals
  15 kobolds
  13 quokkas
  A bat (D:2)
  A frilled lizard (D:2)
  A jackal skeleton (D:5)
  A jackal zombie (D:9)
  A leopard gecko skeleton (D:4)
  A quokka skeleton (D:6)
  8 rats
408 creatures vanquished.

Vanquished Creatures (others)
  A centaur (D:10)
  An orc (D:10)
  6 fungi
8 creatures vanquished.

Grand Total: 416 creatures vanquished

Notes
Turn   | Place    | Note
-------+----------+-------------------------------------------
     0 | D:1      | Peloso the Minotaur Fighter began the quest for the Orb.
     0 | D:1      | Reached XP level 1. HP: 19/19 MP: 0/0
   136 | D:1      | Reached XP level 2. HP: 23/27 MP: 1/1
   387 | D:1      | Reached XP level 3. HP: 32/33 MP: 2/2
  1088 | D:2      | Found an iron altar of Okawaru.
  1105 | D:2      | Became a worshipper of Warmaster Okawaru
  1213 | D:2      | Found a shattered altar of Ashenzari.
  1800 | D:3      | Found a runed door.
  1800 | D:3      | Noticed Natasha
  1803 | D:3      | Killed Natasha
  1803 | D:3      | Reached XP level 4. HP: 36/40 MP: 3/3
  1805 | D:3      | Noticed a bullfrog
  1806 | D:3      | Noticed RealIsaac's ghost (amateur DrBe)
  1856 | D:3      | Noticed Ijyb
  1874 | D:3      | Killed Ijyb
  1890 | D:3      | Found a sparkling altar of Nemelex Xobeh.
  2135 | D:3      | Noticed Natasha
  2141 | D:3      | Killed Natasha
  2141 | D:3      | Reached XP level 5. HP: 46/46 MP: 4/4
  2312 | D:3      | Found a runed door.
  2527 | D:3      | Noticed Natasha
  2534 | D:3      | Killed Natasha
  2635 | D:4      | Reached * piety under Okawaru
  2710 | D:4      | Reached skill level 5 in Armour
  2710 | D:4      | Reached skill level 1 in Dodging
  2710 | D:4      | Reached skill level 5 in Shields
  2840 | D:4      | Noticed a phantom
  2864 | D:4      | Killed a phantom
  2864 | D:4      | Reached XP level 6. HP: 33/53 MP: 5/5
  2879 | D:4      | Noticed a sky beast
  2908 | D:4      | Killed a sky beast
  2908 | D:4      | Reached skill level 5 in Long Blades
  3109 | D:4      | Found a staircase to the Ecumenical Temple.
  3221 | D:4      | Noticed Robin
  3238 | D:4      | Killed Robin
  3406 | D:4      | Reached XP level 7. HP: 55/60 MP: 6/6
  3610 | D:5      | Entered Level 5 of the Dungeon
  3667 | D:5      | Reached ** piety under Okawaru
  3667 | D:5      | Reached skill level 5 in Fighting
  3917 | D:5      | Reached XP level 8. HP: 57/69 MP: 7/7
  3990 | D:5      | Reached *** piety under Okawaru
  4189 | D:5      | Found a shadowy altar of Dithmenos.
  5028 | D:6      | Found a snail-covered altar of Cheibriados.
  5378 | D:6      | Reached XP level 9. HP: 34/77 MP: 8/8
  5811 | D:7      | Reached **** piety under Okawaru
  5876 | D:7      | Noticed an unseen horror
  5908 | D:7      | Killed an unseen horror
  6335 | D:7      | Found a runed door.
  6336 | D:7      | Noticed burekbajo's ghost (novice GrFi)
  6417 | D:7      | Found a snail-covered altar of Cheibriados.
  6575 | D:7      | Found a runed door.
  6637 | D:7      | Received a gift from Okawaru
  6766 | D:7      | Noticed Menkaure
  6774 | D:7      | Killed Menkaure
  7542 | D:3      | Killed RealIsaac's ghost
  7788 | D:7      | Noticed Crazy Yiuf
  7794 | D:7      | Killed Crazy Yiuf
  7965 | D:7      | Killed burekbajo's ghost
  7965 | D:7      | Reached ***** piety under Okawaru
  7965 | D:7      | Reached skill level 10 in Long Blades
  7965 | D:7      | Reached skill level 1 in Stealth
  8137 | D:7      | Reached XP level 10. HP: 86/86 MP: 9/9
  8333 | D:8      | Received a gift from Okawaru
  8334 | D:8      | Found the +15 Maxwell's patent armour {-Cast -Tele rElec
                  | MR+ rCorr}
  8501 | D:8      | Found an ancient bone altar of Kikubaaqudgha.
  8502 | D:8      | Found an opulent altar of Gozag.
  8606 | D:8      | Reached skill level 10 in Shields
  8892 | D:8      | Found Taselufa's Antique Armour Shoppe.
  9002 | D:9      | Found a staircase to the Lair.
  9002 | D:9      | Noticed a death yak
  9002 | D:9      | Noticed an elephant
  9029 | D:8      | Killed a death yak
  9122 | D:9      | Killed an elephant
  9140 | D:9      | Found Onkiottan's Assorted Antiques.
  9509 | D:9      | Found Jucie's Food Shop.
 10044 | D:10     | Entered Level 10 of the Dungeon
 10394 | D:10     | Reached skill level 10 in Armour
 10394 | D:10     | Reached XP level 11. HP: 95/95 MP: 10/10
 10571 | D:10     | Found Ohelakki's Antique Armour Shop.
 10607 | D:10     | Noticed a two-headed ogre
 10618 | D:10     | Killed a two-headed ogre
 10634 | D:10     | Noticed Fannar
 10703 | D:10     | Killed Fannar
 10868 | D:10     | Found a staircase to the Orcish Mines.
 10903 | D:10     | Received a gift from Okawaru
 10942 | D:10     | Got an ancient scimitar {god gift}
 10943 | D:10     | Identified the +5 scimitar of Magnificence {distort, MR+
                  | SInv} (Okawaru gifted it to you on level 10 of the Dungeon)
 11712 | D:11     | Found Onnos's Armour Boutique.
 11777 | D:11     | Noticed a two-headed ogre
 11780 | D:11     | Noticed a centaur warrior
 11782 | D:11     | Noticed an ogre mage
 11799 | D:11     | Killed a two-headed ogre
 11799 | D:11     | Received a gift from Okawaru
 11807 | D:11     | Killed a centaur warrior
 11831 | D:11     | Killed an ogre mage
 11835 | D:11     | Reached XP level 12. HP: 64/106 MP: 11/11
 11880 | D:11     | Got a pair of faintly humming gloves {god gift}
 11886 | D:11     | Identified the +0 pair of gloves "Inwekoir" {rF+ Stlth+}
                  | (Okawaru gifted it to you on level 11 of the Dungeon)
 12319 | D:11     | Paralysed by a hornet for 3 turns
 12470 | D:11     | Found a runed door.
 12475 | D:11     | Found a runed door.
 12476 | D:11     | Noticed a two-headed ogre
 12477 | D:11     | Found a runed door.
 12488 | D:11     | Reached skill level 10 in Fighting
 12490 | D:11     | Noticed a centaur warrior
 12502 | D:11     | Killed a centaur warrior
 12569 | D:11     | Got a crude granite ring
 12572 | D:11     | Got a slimy turquoise ring
 12581 | D:11     | Got a bound bronze ring
 12586 | D:11     | Identified the cursed ring of Ammon {rElec rF+ MP+9 AC-3
                  | SInv Stlth+} (You found it on level 11 of the Dungeon)
 12588 | D:11     | Identified the ring of Pininnuq {*Contam +Fly Int+5} (You
                  | found it on level 11 of the Dungeon)
 12706 | D:11     | Identified the ring of Resiasmyna {+Fly Int+4} (You found
                  | it on level 11 of the Dungeon)
 12891 | Lair:1   | Entered Level 1 of the Lair of Beasts
 13135 | Lair:1   | Found a large runed door.
 13135 | Lair:1   | Found a large runed door.
 13152 | Lair:1   | Got a glittering golden ring
 13155 | Lair:1   | Identified the ring "Etidoky" {rCorr rElec rF+} (You found
                  | it on level 1 of the Lair of Beasts)
 13383 | Lair:1   | Reached ****** piety under Okawaru
 13613 | Lair:1   | Noticed BushDid911's ghost (novice TrFi)
 13935 | Lair:1   | Killed BushDid911's ghost
 14032 | Lair:2   | Received a gift from Okawaru
 15006 | Lair:2   | Reached XP level 13. HP: 86/116 MP: 12/12
 15655 | Lair:3   | Noticed Snorg
 15678 | Lair:3   | Mangled by Snorg

Skill      XL: |  1  2  3  4  5  6  7  8  9 10 11 12 |
---------------+-------------------------------------+-----
Shields        | 4 5 6 7 9 11 13 14 | 14.6
Armour         | 4 5 6 7 9 10 11 | 11.7
Fighting       | 4 5 6 7 8 9 11 | 11.6
Long Blades    | 3 4 5 7 8 10 11 13 14 | 14.7
Dodging        | 1 2 3 4 |  4.0
Stealth        | 1 |  1.1
Invocations    | |  0.8

Action                   |  1- 3 |  4- 6 |  7- 9 | 10-12 | 13-15 || total
-------------------------+-------+-------+-------+-------+-------++-------
Melee: Long sword        |    81 |   134 |   400 |  1204 |   110 ||  1929
       Headbutt          |    10 |    27 |    81 |   290 |    25 ||   433
Invok: Heroism           |       |       |     2 |     5 |     2 ||     9
  Use: Scroll            |       |       |     6 |    18 |     1 ||    25
       Potion            |       |       |     3 |     2 |     1 ||     6
  Eat: Chunk             |     1 |     7 |    16 |    21 |     3 ||    48
       Ration            |       |       |       |     1 |       ||     1
Armor: Scale mail        |    32 |     4 |       |       |       ||    36
       Chain mail        |       |    56 |   118 |       |       ||   174
       Plate armour      |       |       |    78 |   573 |    23 ||   674
Dodge: Dodged            |    35 |    27 |   117 |   283 |    20 ||   482
Block: Shield            |    45 |    68 |   248 |   856 |    74 ||  1291
       Rpst.: Long sword |    11 |     9 |    31 |    79 |     3 ||   133
